Map: At Eternity's Edge LE

Players

Brightscales

  • Race: Protoss Protoss
  • League: Platinum

A.I. 1 (Very Easy)

  • Race: Zerg Zerg

VOD

Have the link to the VOD?

Description

Time

  • Played on: Aug. 28, 2026, 2:51 a.m.
  • Length: 2:44
Show
View Real Time Build Order
Export as new Build Order

Brightscales Protoss 

Build Orders:  

Get SALT Encoding   

  8  0:00  Probe (Chrono Boost)  
  9  0:14  Probe (Chrono Boost)  
  10  0:19  Probe (Chrono Boost)  
  11  0:28  Probe  
  12  0:36  Pylon  
  12  0:41  Probe  
  13  0:54  Probe  
  14  1:02  Gateway  
  14  1:06  Probe (Chrono Boost)  
  15  1:12  Assimilator  
  15  1:18  Probe (Chrono Boost)  
  16  1:23  Probe (Chrono Boost)  
  17  1:46  Nexus  
  17  1:58  Cybernetics Core  
  17  2:00  Probe  
  18  2:12  Probe  
  18  2:14  Pylon  
  19  2:24  Probe  
  19  2:25  Assimilator  
Show
View Real Time Build Order
Export as new Build Order

A.I. 1 (Very Easy) Zerg 

Build Orders: Pool Only 

Get SALT Encoding   

  8  0:00  Drone  
  9  0:10  Drone  
  10  0:18  Drone  
  11  0:25  Drone  
  12  0:33  Overlord  
  12  0:51  Drone  
  13  0:58  Drone  
  13  1:02  Spawning Pool  
  13  1:05  Drone  
  13  1:08  Extractor  
  13  1:13  Drone  
  14  1:20  Overlord  
  14  1:50  Zergling x2, Queen  
  17  2:01  Roach Warren  
  17  2:03  Extractor  
  17  2:06  Drone  
  16  2:13  Drone  
  17  2:18  Zergling x2  
Tags
 
Add a new tag
Caveats
  • Supply blocks, unpowered buildings, or Contaminate may cause inaccurate times.
  • Supply counts are checked every 10 seconds.